AoeStats
← [GDL] BlairLucky

Nomad

509944973Analyzed
2v2 RM · 2d ago on Sep 28, 2026· 71m 42s· 4 players
Game mode
Random Map
Map size
176×176
Population
200
Speed
Normal
Resources
Standard
Victory
Conquest
Starting age
Dark Age
Ending age
Imperial Age
RankedLock teamsTeams togetherTeam positionsShared explorationLock speedFull tech treeHidden civsTurbo modeCheats
Victory
Defeat
🇵🇪 Magyars · Peru
1089
+15
🇵🇪 Spanish · Peru
1086
+15
🇦🇹 Danes · Austria
1070
-15
🇦🇹 Saxons · Austria
1069
-15
nicepeanut3
3:30 Loom
15:04 Feudal Age
15:51 Double-Bit Axe
20:39 Castle Age
20:09 Gold Mining
20:14 Fletching
23:06 Bow Saw
26:12 Bodkin Arrow
28:41 Clinker Construction
28:42 Careening
37:12 Horse Collar
42:09 Imperial Age
40:28 Scale Mail Armor
43:05 Forging
43:22 Chain Mail Armor
43:37 Squires
45:48 Plate Mail Armor
45:26 Arson
46:25 Iron Casting
46:42 Wheelbarrow
46:11 Heavy Plow
47:39 Elite Jomsviking
49:45 Bracer
50:34 Husbandry
50:45 Bloodlines
52:04 Chemistry
51:25 Ballistics
51:17 Heavy Mounted Crossbowman
55:22 Cranequins
56:07 Thumb Ring
60:20 Pikeman
62:13 Blast Furnace
61:16 Padded Archer Armor
61:13 Hamask
62:17 Halberdier
SchörgioRamos
5:02 Loom
14:16 Feudal Age
15:33 Double-Bit Axe
23:21 Castle Age
21:53 Town Watch
22:46 Wheelbarrow
22:46 Fletching
24:57 Bodkin Arrow
25:07 Padded Archer Armor
25:21 Horse Collar
26:14 Bow Saw
28:52 Elite Skirmisher
36:58 Leather Archer Armor
40:53 Gold Mining
46:35 Imperial Age
44:30 Pikeman
45:12 Scale Mail Armor
45:23 Forging
46:40 Chain Mail Armor
46:44 Squires
46:30 Arson
47:42 Conscription
46:47 Halberdier
49:31 Ring Archer Armor
50:35 Thumb Ring
50:50 Bracer
[GDL] BlairLucky
2:46 Loom
13:25 Feudal Age
14:36 Double-Bit Axe
17:40 Horse Collar
21:20 Castle Age
20:01 Padded Archer Armor
20:02 Stone Mining
20:01 Town Watch
20:21 Fishing Lines
22:25 Wheelbarrow
21:45 Gold Mining
23:11 Leather Archer Armor
24:24 Bloodlines
25:19 Medium Warships
26:16 Fishing Lines
28:23 Gillnets
30:44 Hand Cart
30:41 Bow Saw
35:58 Heavy Plow
38:51 Imperial Age
36:41 Fletching
38:12 Stone Shaft Mining
38:16 Scale Barding Armor
38:22 Forging
39:26 Chain Barding Armor
39:11 Husbandry
40:24 Iron Casting
39:14 Cavalier
40:19 Bodkin Arrow
40:48 Ballistics
41:29 Chemistry
41:42 Plate Barding Armor
42:10 Blast Furnace
43:50 Two-Man Saw
44:01 Conscription
43:45 Bracer
44:14 Paladin
45:44 Masonry
46:05 Ring Archer Armor
45:34 Elite Conquistador
50:45 Guilds
51:05 Coinage
50:59 Fervor
51:10 Fervor
56:52 Light Cavalry
57:29 Hussar
RaskWarrioR
10:11 Loom
21:55 Feudal Age
23:26 Fishing Lines
25:55 Castle Age
23:54 Fletching
27:04 Double-Bit Axe
29:08 Demolition Ship
31:20 Bow Saw
33:10 Scale Barding Armor
33:01 Bodkin Arrow
35:32 Wheelbarrow
34:48 Town Watch
44:37 Gold Mining
44:37 Horse Collar
45:27 Corvinian Army
46:40 Chain Barding Armor
47:35 Hand Cart
50:32 Imperial Age
51:00 Elite Magyar Huszar
51:47 Heavy Plow
52:17 Conscription
53:10 Plate Barding Armor
57:01 Hoardings
56:37 Husbandry
56:52 Bloodlines
58:07 Bracer
59:33 Recurve Bow
60:51 Crop Rotation
61:23 Two-Man Saw
60:59 Gold Shaft Mining
60:14 Stone Mining
64:08 Light Cavalry
64:47 Hussar
65:25 Capped Ram
Connection lost

Rejoining the realm…

Still unreachable

The connection could not be restored.

Session expired

The server has moved on; the page needs a fresh start.